AoeStats
← cas

Runestones

507440890Analyzed
1v1 RM · 15d ago on Sep 18, 2026· 38m 8s· 2 players
Game mode
Random Map
Map size
Tiny (2 player)
Population
200
Speed
Normal
Resources
Standard
Victory
Conquest
Starting age
Dark Age
Ending age
Imperial Age
RankedLock teamsTeams togetherTeam positionsShared explorationLock speedFull tech treeHidden civsTurbo modeCheats
Victory
Defeat
🇩🇪 Tatars · Germany
853
+16
🇲🇽 Mongols · Mexico
857
-16
cas
10:29 Feudal Age
9:17 Loom
11:00 Double-Bit Axe
13:06 Wheelbarrow
18:48 Castle Age
17:41 Fletching
17:40 Horse Collar
18:25 Gold Mining
20:20 Bow Saw
22:01 Bloodlines
23:16 Heavy Plow
23:21 Padded Archer Armor
25:26 Town Watch
26:00 Hand Cart
28:32 Pikeman
29:13 Squires
29:13 Bodkin Arrow
29:33 Leather Archer Armor
29:25 Stone Mining
31:20 Gold Shaft Mining
31:49 Ballistics
31:50 Forging
31:46 Scale Barding Armor
32:12 Husbandry
32:23 Scale Mail Armor
31:48 Elite Skirmisher
34:37 Chain Barding Armor
34:53 Iron Casting
36:42 Town Patrol
39:40 Imperial Age
linck92
0:27 Loom
13:20 Feudal Age
15:03 Double-Bit Axe
23:56 Castle Age
32:20 Gold Mining
32:42 Bow Saw
33:23 Bloodlines
33:13 Husbandry
34:32 Forging
36:04 Thumb Ring
37:06 Fletching
Connection lost

Rejoining the realm…

Still unreachable

The connection could not be restored.

Session expired

The server has moved on; the page needs a fresh start.